 Dungeon Crawl Stone Soup version 0.29-a0-330-g52719c12eb (webtiles) character file.

Game seed: 15082698142537037613

49 kae the Firebug (level 3, -1/26 HPs)
             Began as a Demigod Fire Elementalist on Apr 23, 2022.
             Slain by Natasha (5 damage)
             ... on level 2 of the Dungeon.
             The game lasted 00:01:29 (1857 turns).

kae the Firebug (Demigod Fire Elementalist)         Turns: 1857, Time: 00:01:30

Health: -1/26      AC:  5    Str:  9    XL:     3   Next: 33%
Magic:  6/9        EV: 11    Int: 21    God:
Gold:   132        SH:  3    Dex: 14    Spells: 5/6 levels left

rFire   + . .      SeeInvis .   c - +1 dagger (protect)
rCold   . . .      Faith    .   n - +0 buckler
rNeg    . . .      Spirit   .   a - +0 robe
rPois   .          Reflect  .   h - +0 helmet
rElec   .          Harm     .   f - +0 cloak
rCorr   +          Rampage  .   (no gloves)
Will    .....                   l - +0 pair of boots
Stlth   ++........              (no amulet)
HPRegen 0.08/turn               e - ring of protection from fire
MPRegen 0.11/turn               m - ring of resist corrosion

@: slowed, very slow
A: high MP 1, forlorn, divine attributes
a: no special abilities


You were on level 2 of the Dungeon.
You visited 1 branch of the dungeon, and saw 2 of its levels.

You collected 132 gold pieces.

Inventory:

Hand Weapons
 c - a +1 dagger of protection (weapon)
Armour
 a - a +0 robe (worn)
 f - a +0 cloak (worn)
 h - a +0 helmet (worn)
 l - a +0 pair of boots (worn)
 n - a +0 buckler (worn)
Jewellery
 e - a ring of protection from fire (left hand)
 m - a ring of resist corrosion (right hand)
Scrolls
 g - a scroll of fear
 k - a scroll of blinking
Potions
 b - a potion of magic
 d - a potion of brilliance {unknown}
 j - a potion of ambrosia
 o - a potion of mutation {unknown}


   Skills:
 - Level 1.7 Dodging
 - Level 1.7 Stealth
 + Level 0.0 Shields
 + Level 2.3 Spellcasting
 + Level 1.9 Conjurations
 + Level 3.2 Fire Magic


You had 5 spell levels left.
You knew the following spells:

 Your Spells              Type           Power      Damage    Failure   Level
a - Foxfire               Conj/Fire      52%        2x1d6     7%          1

Your spell library contained the following spells:

 Spells                   Type           Power      Damage    Failure   Level
 Scorch                   Fire           32%        2d7       8%          2
 Conjure Flame            Conj/Fire      13%        6-21      21%         3
 Inner Flame              Hex/Fire       9%         N/A       30%         3
 Summon Guardian Golem    Hex/Summ       2%         N/A       50%         3
 Flame Wave               Conj/Fire      13%        2d6       54%         4
 Orb of Destruction       Conj           5%         9d5       100%        7
 Spellforged Servitor     Conj/Summ      3%         N/A       100%        7


Dungeon Overview and Level Annotations

Branches:
Dungeon (2/15)

Annotations:
D:2 Natasha


Innate Abilities, Weirdness & Mutations

You have an increased reservoir of magic. (+10% MP)
You shall have no god before yourself.
Your divine heritage dramatically boosts your attributes as you level up.


Message History

The foxfire hits Natasha but does no damage.
Natasha is moderately wounded.
Natasha casts a spell at you.
You feel yourself slow down.
Casting: Foxfire (safe; 7% risk of failure)
Confirm with . or Enter, or press ? or * to list all spells.
You conjure some foxfire!
Natasha stares at you and mumbles some strange words.
The magic dart hits you.
The foxfire hits Natasha.
Natasha is heavily wounded.
The foxfire hits Natasha.
Natasha is severely wounded.
Natasha claws you.
Natasha hisses.
Natasha casts a spell at you. The magic dart hits you!
* * * LOW HITPOINT WARNING * * *
You feel better. Natasha casts a spell at you. The magic dart hits you!
* * * LOW HITPOINT WARNING * * *
You hit Natasha.
Your weapon exudes an aura of protection.
Natasha is severely wounded.
Natasha stares at you and mumbles some strange words.
You resist with some effort. Natasha barely misses you.
You barely miss Natasha.
Natasha is severely wounded.
Natasha mumbles some strange words.
You hit Natasha but do no damage.
Your weapon exudes an aura of protection.
Natasha is severely wounded.
Natasha closely misses you.
The crimson imp blinks!
Natasha closely misses you.
Casting: Foxfire (safe; 7% risk of failure)
Confirm with . or Enter, or press ? or * to list all spells.
You conjure some foxfire!
The crimson imp hits you but does no damage.
Natasha claws you.
You die...

### #.######...#
..# #.# ##.## #.#
#.# #.# #.# #.# #.#
#.### #.# #.# ....#
#.# #.# #.#.####.#
#.# .........# #v#
#.#.###### *#@#*
....# *#vh5#* #.###
*#.....#* #.#
#.>.....# #.#
##.....## ..#
##...##
###***********##..#
,,,,,,,,,,,,,,*##.#
*******,**,**,* *,*


You could see Natasha (ally target) and a crimson imp (summoned).

Vanquished Creatures
  2 worms (D:2)
  A dart slug (D:1)
  6 endoplasms (D:2)
  2 giant cockroaches
  4 goblins
  5 hobgoblins
  6 kobolds
  2 quokkas
  3 ball pythons
  2 bats
  4 rats
37 creatures vanquished.

Vanquished Creatures (collateral kills)
  A foxfire (D:1)
1 creature vanquished.

Vanquished Creatures (others)
  127 foxfires
127 creatures vanquished.

Grand Total: 165 creatures vanquished

Notes
Turn   | Place    | Note
-------+----------+-------------------------------------------
     0 | D:1      | kae the Demigod Fire Elementalist began the quest for the
                  | Orb.
     0 | D:1      | Reached XP level 1. HP: 14/14 MP: 5/5
   112 | D:1      | Reached skill level 1 in Conjurations
   379 | D:1      | Reached XP level 2. HP: 20/20 MP: 1/7
   635 | D:1      | Reached skill level 3 in Fire Magic
  1269 | D:2      | Reached XP level 3. HP: 26/26 MP: 6/9
  1842 | D:2      | Noticed Natasha
  1857 | D:2      | Slain by Natasha

Illustrated notes

Levels and vault maps discovered:
D:1:      lemuel_arrival_muddy, layout_basic, serial_bayou_pond_b
D:2:      layout_loops_ring, shapermc_ecumenical_altar_venn, minmay_vboxes,
          uniq_natasha, uniq_terence

Skill      XL: |  1  2 |
---------------+-------+-----
Conjurations   | 1 |  1.9
Spellcasting   | 2 |  2.3
Fire Magic     | 3 |  3.2
Dodging        | |  1.7
Stealth        | |  1.7

Action                   || total
-------------------------++-------
Melee: Dagger            ||     5
 Cast: Foxfire           ||    77
  Use: Scroll            ||     7
       Potion            ||     1
Armor: Robe              ||     8
Dodge: Dodged            ||    22

Table legend: (Time is in decaauts)
 A = Elapsed time spent in this place.
 B = Non-inter-level travel time spent in this place.
 C = Inter-level travel time spent in this place.
 D = Time resting spent in this place.
 E = Time spent auto-exploring this place.
 F = Levels seen in this place.
 G = Mean time per level.
                   A        B        C        D        E       F      G
               +--------+--------+--------+--------+--------+-----+--------+
         Total |   1859 |   1777 |     82 |      0 |   1471 |   2 |  929.5 |
       Dungeon |   1859 |   1777 |     82 |      0 |   1471 |   2 |  929.5 |
               +--------+--------+--------+--------+--------+-----+--------+

Top non-repeatable levels by time:
     D:2: 974 daAuts
     D:1: 884 daAuts
